 Dungeon Crawl Stone Soup version 0.31-a0-845-g9abc20d24f (webtiles) character file.

Game seed: 13583806806007093932

8177 Bnni the Jinx (level 11, -7/70 (75) HPs)
             Began as a Formicid Hexslinger on Oct 3, 2023.
             Was a Follower of Hepliaklqana.
             Mangled by a wolf (12 damage)
             ... led by Grum
             ... on level 9 of the Dungeon.
             The game lasted 00:18:55 (7786 turns).

Bnni the Jinx (Formicid Hexslinger)                 Turns: 7786, Time: 00:18:56

HP:   -7/70 (75)    AC:  7    Str: 13    XL:     11   Next: 51%
MP:   21/21         EV: 12    Int: 13    God:    Hepliaklqana [*.....]
Gold: 303           SH:  0    Dex: 20    Spells: 6/23 levels left

rFire   . . .        B - +2 orcbow (heavy)
rCold   . . .        E - orb {mayhem}
rNeg    . . .        c - +0 robe
rPois   .            (helmet unavailable)
rElec   .            (no cloak)
rCorr   .            (no gloves)
SInv    +            f - +0 pair of boots
Will    +....        d - amulet of regeneration
Stlth   ++           e - +4 ring of protection
HPRegen 1.11/turn    m - +4 ring of slaying
MPRegen 0.17/turn

%: mayhem
@: studying Maces & Flails, drained
A: reduced essence, permanent stasis, dig shafts and tunnels, antennae 3, four
strong arms
a: Dig, Shaft Self, Renounce Religion, Recall Ancestor, Ancestor Identity


You were on level 9 of the Dungeon.
You worshipped Hepliaklqana.
Hepliaklqana was aware of your devotion.
You visited 2 branches of the dungeon, and saw 10 of its levels.

You collected 413 gold pieces.
You spent 110 gold pieces at shops.

Inventory:

Hand Weapons
 a - a +1 sling
 B - a +2 heavy orcbow (weapon)
 C - a +0 orcbow
Missiles
 r - 14 poisoned darts
Armour
 c - a +0 robe (worn)
 f - a +0 pair of boots (worn)
 E - an orb of mayhem (worn)
Jewellery
 d - an amulet of regeneration (around neck)
 e - a +4 ring of protection (left hand)
 l - a ring of protection from fire
 m - a +4 ring of slaying (right hand)
 p - a ring of flight
 x - a ring of ice
Wands
 u - a wand of acid (10)
 w - a wand of iceblast (17)
 A - a wand of mindburst (6)
Scrolls
 b - 3 scrolls of poison
 h - 3 scrolls of teleportation {unknown}
 j - a scroll of enchant armour {unknown}
 k - a scroll of fear {unknown}
 n - 4 scrolls of blinking {unknown}
 s - a scroll of revelation {unknown}
 t - a scroll of fog
 y - 2 scrolls of immolation {unknown}
Potions
 g - 3 potions of curing
 i - 4 potions of brilliance
 o - a potion of enlightenment
 q - 2 potions of might
 v - a potion of heal wounds {unknown}
 z - 2 potions of resistance {unknown}
Miscellaneous
 D - a sack of spiders


   Skills:
 + Level 7.4 Fighting
 * Level 9.8 Ranged Weapons
 - Level 1.7 Dodging
 + Level 6.7 Spellcasting
 * Level 11.9 Hexes
 - Level 1.0 Fire Magic
 + Level 5.7 Invocations


You had 6 spell levels left.
You knew the following spells:

 Your Spells              Type           Power      Damage    Failure   Level
a - Jinxbite              Hex            70%        N/A       1%          2
b - Inner Flame           Hex/Fire       21%        N/A       3%          3
c - Dimensional Bullseye  Hex/Tloc       9%         N/A       14%         4
d - Cause Fear            Hex            17%        N/A       1%          4
o - Sigil of Binding      Hex            35%        N/A       1%          3
s - Slow                  Hex            100%       N/A       1%          1

Your spell library contained the following spells:

 Spells                   Type           Power      Damage    Failure   Level
 Confusing Touch          Hex            35%        N/A       1%          3
 Necrotise                Necr           16%        1d4       16%         1
 Scorch                   Fire           14%        2d5       16%         2
 Vampiric Draining        Necr           4%         2d6       43%         3
 Flame Wave               Conj/Fire      5%         2d5       77%         4
 Olgreb's Toxic Radiance  Pois           4%         N/A       83%         4
 Agony                    Necr           4%         N/A       99%         5
 Arcjolt                  Conj/Air       2%         1d12      99%         5
 Plasma Beam              Fire/Air       2%         2x1d12    100%        6
 Summon Cactus Giant      Summ           2%         N/A       100%        6
 Discord                  Hex            17%        N/A       100%        8
 Ignition                 Fire           3%         3d4       100%        8
 Vhi's Electric Charge    Tloc/Air       Unusable   N/A       N/A         4

Dungeon Overview and Level Annotations

Branches:
Dungeon (9/15)             Temple (1/1) D:6
   Lair: D:8-11         Orc: D:9-12

Altars:
Ashenzari
Cheibriados
Dithmenos
Elyvilon
Fedhas
Gozag
Hepliaklqana
Kikubaaqudgha
Makhleb
Nemelex Xobeh
Okawaru
Qazlal
Ru
Sif Muna
Trog
Vehumet
Wu Jian
Xom
Yredelemnul
Zin
The Shining One

Shops:
D:3 !   D:9 =


Innate Abilities, Weirdness & Mutations

Your life essence is reduced to manifest your ancestor. (-10% HP)
You cannot be hasted, slowed, berserked, paralysed or teleported.
You can dig through walls and to a lower floor.
You have a pair of large antennae on your head. (SInv)
Your four strong arms can wield two-handed weapons with a shield.


Message History

The wight barely misses you.
Found 12 gold pieces.
The wolf bites the wolf!
The wolf dies!
The wolf howls!
You shoot an arrow. The arrow barely misses the wight.
The wolf closely misses the wight. x2; The wight misses you.
You shoot an arrow. The arrow barely misses the wight.
The arrow closely misses the wolf.
The wolf bites the wight.
The wolf barely misses the wight.
The wolf closely misses the wight.
The wight hits you with a +3 great sword of freezing!!
The wight freezes you!
The wolf bites the wight.
The wight hits you with a +3 great sword of freezing!
* * * LOW HITPOINT WARNING * * *
You feel drained.
* * * LOW HITPOINT WARNING * * *
The wight freezes you.
* * * LOW HITPOINT WARNING * * *
Okay, then.
You feel better.
The wolf bites the wight!
The wight is destroyed!
The wolf bites you.
* * * LOW HITPOINT WARNING * * *
You are too injured to fight recklessly!
Fire: B) +2 orcbow (heavy)
Press: ? - help, Shift-Dir - straight line, f - wolf
Aim: a wolf (heavily wounded, fast, strong, frenzied and wild, 56% to hit)
You shoot an arrow. The arrow closely misses the wolf.
The wolf bites you!
* * * LOW HITPOINT WARNING * * *
The wolf misses you. The wolf bites you!
* * * LOW HITPOINT WARNING * * *
The wolf barely misses you.
You feel better. The wolf barely misses you. The wolf closely misses you.
Fire: B) +2 orcbow (heavy)
Press: ? - help, Shift-Dir - straight line, f/p - wolf
Aim: a wolf (heavily wounded, fast, strong, frenzied and wild, 56% to hit)
You shoot an arrow. The arrow misses the wolf.
The wolf closely misses you. The wolf bites you!
* * * LOW HITPOINT WARNING * * *
The wolf misses you. The wolf bites you!
You die...

.##..?.. ...
#.#)....# . ###
#.# #.###.#)....#
..) #...........#
##. #.#..))..#
#.....#####
###...#.._# ..#
#....'.).#
.$...##h##.#.._#
#...@##.######
#.........# .#
#..#####..##.#####
#.. #..........
#.. #.....#### ..
#.#.###
....#####.#.#
####.[.....#.#
#.#######.#


You could see a neutral wolf (fast, strong, frenzied).

Vanquished Creatures
  Gastronok (D:9)
  2 two-headed ogres (D:8)
  Pikel (D:7)
  Jeremiah (D:8)
  A hornet (D:7)
  3 yaks (D:8)
  2 steam dragons
  An acid dragon (D:5)
  A water moccasin (D:6)
  2 orc warriors
  2 ice beasts
  A sky beast (D:8)
  An ogre (D:4)
  3 centaurs
  A lemure (D:7)
  A phantom (D:5)
  4 bullfrogs
  3 necrophages (D:5)
  3 scorpions
  17 wights
  An electric eel (D:8)
  A howler monkey (D:8)
  A crimson imp (D:9)
  4 bullfrog zombies (D:5)
  3 jellies
  A human zombie (D:5)
  4 hounds
  2 orc priests
  5 iguanas
  A scorpion zombie (D:5)
  3 orc wizards
  3 sleepcaps
  A killer bee zombie (D:5)
  2 mummies (D:5)
  4 gnolls
  7 adders
  2 shadow imps
  2 white imps
  5 ufetubi
  5 worms
  16 orcs
  5 endoplasms
  3 giant cockroaches
  12 goblins
  7 hobgoblins
  11 jackals (D:1)
  7 quokkas
  10 ball pythons
  7 bats
  5 frilled lizards (D:1)
  5 kobolds
  8 rats
204 creatures vanquished.

Vanquished Creatures (collateral kills)
  A yak (D:8)
  Grum (D:9)
  An ice beast (D:8)
  A wolf (D:9)
  A kobold brigand (D:8)
  2 wights
  An ancestor (D:9)
  A sleepcap (D:8)
  A gnoll (D:8)
  An orc (D:8)
11 creatures vanquished.

Vanquished Creatures (others)
  3 ancestors (D:8)
  An orc wizard (D:7)
4 creatures vanquished.

Grand Total: 219 creatures vanquished

Notes
Turn   | Place    | Note
-------+----------+-------------------------------------------
     0 | D:1      | Bnni the Formicid Hexslinger began the quest for the Orb.
     0 | D:1      | Reached XP level 1. HP: 15/15 MP: 2/2
    50 | D:1      | Reached XP level 2. HP: 6/21 MP: 3/3
    51 | D:1      | Reached skill level 4 in Hexes
    62 | D:1      | Learned a level 2 spell: Jinxbite
   153 | D:1      | Reached XP level 3. HP: 13/26 MP: 1/5
   531 | D:1      | Found a faded altar of an unknown god.
   578 | D:1      | Reached XP level 4. HP: 33/33 MP: 6/6
   698 | D:1      | Learned a level 4 spell: Cause Fear
  1332 | D:2      | Reached XP level 5. HP: 38/38 MP: 7/7
  1904 | D:3      | Found Vikeq's Distillery.
  1910 | D:3      | Bought a potion of curing for 30 gold pieces
  1910 | D:3      | Bought a potion of invisibility for 80 gold pieces
  2077 | D:4      | Found an iron altar of Okawaru.
  2131 | D:4      | Reached skill level 5 in Hexes
  2214 | D:4      | Noticed an ogre
  2301 | D:4      | Killed an ogre
  2302 | D:4      | Reached XP level 6. HP: 28/46 MP: 9/9
  2392 | D:4      | Found a bloodstained altar of Trog.
  2730 | D:4      | Reached XP level 7. HP: 51/51 MP: 8/11
  2852 | D:4      | Found a glowing silver altar of Zin.
  2888 | D:4      | Learned a level 3 spell: Sigil of Binding
  2889 | D:5      | Entered Level 5 of the Dungeon
  2900 | D:5      | Reached skill level 6 in Hexes
  3126 | D:5      | Found an opulent altar of Gozag.
  3276 | D:5      | Reached skill level 5 in Ranged Weapons
  3369 | D:5      | Reached XP level 8. HP: 56/59 MP: 12/12
  3428 | D:5      | Found a basalt altar of Yredelemnul.
  3478 | D:5      | Reached skill level 7 in Hexes
  3657 | D:5      | Learned a level 3 spell: Inner Flame
  4256 | D:5      | Found a white marble altar of Elyvilon.
  4400 | D:5      | Reached skill level 8 in Hexes
  4724 | D:6      | Reached XP level 9. HP: 66/66 MP: 12/15
  5010 | D:6      | Found a staircase to the Ecumenical Temple.
  5018 | Temple   | Entered the Ecumenical Temple
  5023 | Temple   | Became a worshipper of Hepliaklqana the Forgotten
  5163 | D:6      | Reached skill level 5 in Fighting
  5163 | D:6      | Reached skill level 1 in Invocations
  5475 | D:6      | Learned a level 4 spell: Dimensional Bullseye
  5506 | D:6      | Reached skill level 9 in Hexes
  5843 | D:7      | Noticed Pikel
  6187 | D:7      | Killed Pikel
  6188 | D:7      | Reached skill level 5 in Spellcasting
  6438 | D:7      | Noticed a hornet
  6461 | D:7      | Killed a hornet
  6462 | D:7      | Reached XP level 10. HP: 57/75 MP: 12/17
  6514 | D:7      | Learned a level 1 spell: Slow
  6515 | D:7      | Found a shadowy altar of Dithmenos.
  6690 | D:7      | Reached skill level 10 in Hexes
  6971 | D:7      | Found a glowing golden altar of the Shining One.
  7070 | D:8      | Reached * piety under Hepliaklqana
  7150 | D:8      | Noticed Jeremiah
  7158 | D:8      | Killed Jeremiah
  7250 | D:8      | Noticed a two-headed ogre
  7273 | D:8      | Killed a two-headed ogre
  7274 | D:8      | Reached skill level 11 in Hexes
  7274 | D:8      | Reached XP level 11. HP: 66/74 MP: 10/20
  7635 | D:9      | Noticed Grum
  7636 | D:9      | Noticed a two-headed ogre
  7637 | D:9      | Reached skill level 5 in Invocations
  7661 | D:8      | Killed a two-headed ogre
  7706 | D:9      | Found Vyontop's Jewellery Boutique.
  7731 | D:9      | Noticed Gastronok
  7740 | D:9      | Killed Gastronok
  7760 | D:9      | Found a shimmering altar of Xom.
  7760 | D:9      | Found a burning altar of Makhleb.
  7774 | D:9      | Killed Grum
  7784 | D:9      | HP: 2/70 [wolf[Grum] (7)]
  7786 | D:9      | Mangled by a wolf

Illustrated notes

Levels and vault maps discovered:
D:1:      psy_arrival_radial02, layout_loops_ring,
          shapermc_ecumenical_altar_mp_ritualfount
D:2:      layout_rooms, minmay_tromino_mix6
D:3:      layout_basic, serial_shops, shop, kennysheep_minor_cross
D:4:      layout_basic, zin_academy, lightli_temple_of_fire,
          mainiacjoe_overflow_six_doors_small, serial_bayou_lake_a
D:5:      layout_basic, nicolae_overflow_squiral,
          lemuel_mausoleum_altar_yredelemnul, minmay_manual_mail
D:6:      layout_basic, minmay_temple_entry_statues_fountains, st_stairs_4
D:7:      layout_loops_ring, general_overflow_altar, lemuel_crystal_altar,
          minmay_checkerbox, uniq_pikel
D:8:      layout_cave_pools, kennysheep_generic_room_16, uniq_jeremiah
D:9:      layout_loops_ring, grunt_temple_overflow_champion_of_chaos,
          minivault_15, dk_noncrumbling_2, kennysheep_crisscross,
          grunt_decor_mini_mirrors, nicolae_stop_n_shop_2, serial_bayou_pond_d,
          roderic_lattice_a, st_stairs_12, uniq_gastronok, uniq_erica, uniq_grum
Temple:   minmay_freezing_vapour_temple

Skill      XL: |  1  2  3  4  5  6  7  8  9 10 11 |
---------------+----------------------------------+-----
Hexes          | 4 5 6 8 9 11 | 11.9
Ranged Weapons | 3 4 5 6 7 9 |  9.8
Fighting       | 2 3 4 5 6 7 |  7.4
Spellcasting   | 2 3 4 5 6 |  6.7
Invocations    | 2 4 5 |  5.7
Dodging        | |  1.7
Fire Magic     | |  1.0

Action                     |  1- 3 |  4- 6 |  7- 9 | 10-12 || total
---------------------------+-------+-------+-------+-------++-------
   Fire: Sling             |    86 |   197 |   481 |    12 ||   776
         Orcbow            |       |       |       |   110 ||   110
   Cast: Jinxbite          |     2 |    10 |    22 |     2 ||    36
         Inner Flame       |       |       |     6 |     4 ||    10
         Cause Fear        |       |       |     4 |     4 ||     8
         Sigil of Binding  |       |       |     5 |     2 ||     7
         Slow              |       |       |       |     4 ||     4
         Dimensional Bulls |       |       |       |     1 ||     1
 Invoke: Ancestor Identity |       |       |       |     1 ||     1
Ability: Dig               |       |       |     2 |     2 ||     4
    Use: Potion            |       |     1 |     1 |     2 ||     4
         Scroll            |       |       |     6 |       ||     6
 Armour: Robe              |    28 |    38 |   199 |    32 ||   297
  Dodge: Dodged            |    43 |    34 |   199 |    28 ||   304

Table legend: (Time is in decaauts)
 A = Elapsed time spent in this place.
 B = Non-inter-level travel time spent in this place.
 C = Inter-level travel time spent in this place.
 D = Time resting spent in this place.
 E = Time spent auto-exploring this place.
 F = Levels seen in this place.
 G = Mean time per level.
                   A        B        C        D        E       F      G
               +--------+--------+--------+--------+--------+-----+--------+
         Total |   7985 |   7783 |    202 |    497 |   5442 |  10 |  798.5 |
       Dungeon |   7975 |   7777 |    198 |    497 |   5442 |   9 |  886.1 |
        Temple |     10 |      6 |      4 |      0 |      0 |   1 |   10.0 |
               +--------+--------+--------+--------+--------+-----+--------+

Top non-repeatable levels by time:
     D:5: 1865 daAuts
     D:6: 1299 daAuts
     D:7: 1027 daAuts
     D:1: 971 daAuts
     D:4: 872 daAuts
     D:8: 707 daAuts
     D:3: 568 daAuts
     D:2: 568 daAuts
     D:9: 94 daAuts
  Temple: 10 daAuts
